 Dungeon Crawl Stone Soup version 0.26.1-2-gb8aa6d0cf2 (webtiles) character file.

Game seed: 4852275398126591133

615 acdeimund the Reanimator (level 7, 0/44 (46) HPs)
             Began as a Demonspawn Necromancer on Mar 2, 2021.
             Was an Initiate of Yredelemnul.
             Killed by miscasting Agony (14 damage)
             ... on level 6 of the Dungeon.
             The game lasted 00:24:53 (8161 turns).

acdeimund the Reanimator (Demonspawn Necromancer)   Turns: 8161, Time: 00:24:55

HP:   0/44 (46)     AC:  9    Str:  8    XL:     7   Next: 21%
MP:   10/19         EV: 16    Int: 18    God:    Yredelemnul [......]
Gold: 435           SH:  0    Dex: 14    Spells: 1/10 levels left

rFire    . . .     SeeInvis .   d - +1 dagger
rCold    . . .     Faith    .   (no shield)
rNeg     . . .     Spirit   .   a - +1 robe
rPois    .         Reflect  .   y - +2 hat
rElec    .         Harm     .   u - +0 cloak
rCorr    .         Rampage  .   j - +0 pair of gloves
Will     .....                  (no boots)
Stlth    ++........             w - amulet of magic regeneration
HPRegen  0.14/turn              z - +4 ring of evasion
MPRegen  0.41/turn              p - ring of magical power

@: very slightly contaminated, lightly drained
A: talons 1, icy blue scales 1, miasma immunity
a: Renounce Religion


You were on level 6 of the Dungeon.
You worshipped Yredelemnul.
Yredelemnul was noncommittal.
You visited 2 branches of the dungeon, and saw 7 of its levels.

You collected 435 gold pieces.

Inventory:

Hand Weapons
 d - a +1 dagger (weapon)
Missiles
 i - 30 poisoned darts
Armour
 a - a +1 robe (worn)
 j - a +0 pair of gloves (worn)
 u - a +0 cloak (worn)
 y - a +2 hat (worn)
Jewellery
 h - an uncursed ring of see invisible
 p - a ring of magical power (right hand)
 w - an amulet of magic regeneration (around neck)
 z - a +4 ring of evasion (left hand)
Wands
 s - a wand of disintegration (9)
 t - a wand of flame (18)
Scrolls
 c - 3 scrolls of identify
 e - 2 scrolls of enchant armour
 k - 2 scrolls of blinking
 l - a scroll of fear
 m - 2 scrolls of fog
 n - 3 scrolls of teleportation
 r - a scroll of immolation
 v - 2 scrolls of remove curse
Potions
 b - a potion of haste
 f - 2 potions of attraction
 g - 2 potions of cancellation
 o - a potion of might
 q - a potion of lignification
 x - a potion of flight
 A - a potion of curing


   Skills:
 - Level 1.7 Dodging
 - Level 1.7 Stealth
 - Level 2.0 Spellcasting
 + Level 9.6 Necromancy


You had one spell level left.
You knew the following spells:

 Your Spells              Type           Power        Failure   Level
a - Pain                  Necr           100%         1%          1
b - Vampiric Draining     Necr           18%          1%          3
c - Agony                 Necr           36%          10%         5

Your spell library contained the following spells:

 Spells                   Type           Power        Failure   Level
 Animate Skeleton         Necr           72%          1%          1
 Animate Dead             Necr           18%          3%          4


Dungeon Overview and Level Annotations

Branches:
Dungeon (6/15)             Temple (1/1) D:5

Altars:
Elyvilon
Sif Muna
Trog
Wu Jian
Xom
Yredelemnul

Annotations:
D:6 exclusion: oklob plant, Pikel


Innate Abilities, Weirdness & Mutations

You have sharp toenails.
You are partially covered in icy blue scales. (AC +2)
You are immune to miasma.


Message History

Pikel writhes in agony.
You hear a shout!
Aiming: Pain (safe; 1% risk of failure)
Press: ? - help, Q - select action, (/) - cycle Shift-Dir - straight line, f/p - Pikel
Aim: Pikel, wielding a +1 whip of electrocution, wearing a +0 robe and carrying a wand of random effects (18) (moderately wounded, chance to affect: 84%) Pikel writhes in agony.
Pikel waves his whip at you.
Pikel hits you with a +1 whip of electrocution!
You are electrocuted!!
Casting: Pain (safe; 1% risk of failure)
Confirm with . or Enter, or press ? or * to list all spells.
The spell is quite dangerous to cast (10% risk of failure)!
Continue anyway?
Aiming: Agony (quite dangerous; 10% risk of failure)
Press: ? - help, Shift-Dir - straight line, f/p - Pikel
Aim: Pikel, wielding a +1 whip of electrocution, wearing a +0 robe and carrying a wand of random effects (18) (moderately wounded, chance to affect: 95%)
You miscast Agony.
You are very lightly contaminated with residual magic.
You hear strange and distant voices!
You feel drained.
You die...
Your body rises from the dead as a mindless zombie.

# .# 5 .# . .. #.
###. #. #..
#####.##.#######
#.......<....... ..
#......K@...#####..
#...$.).....# #..
#.....?.....# ...
#...........##$#
#..........#...#
####...#.....###
#...#.##.##
#........#
#.....<###


You could see Pikel.

Vanquished Creatures
  A scorpion (D:5)
  A bullfrog zombie (D:5)
  5 orc priests
  3 hounds
  An iguana (D:5)
  A bullfrog skeleton (D:4)
  Terence (D:2)
  4 worker ants
  Robin (D:2)
  An ufetubus (D:5)
  2 dart slugs
  A leopard gecko (D:5)
  18 orcs
  3 giant cockroaches
  8 hobgoblins
  4 jackals
  A quokka (D:4)
  4 bats
  6 frilled lizards
  17 goblins
  8 kobolds
  A leopard gecko skeleton (D:5)
  11 rats (D:1)
103 creatures vanquished.

Notes
Turn   | Place    | Note
-------+----------+-------------------------------------------
     0 | D:1      | acdeimund the Demonspawn Necromancer began the quest for
                  | the Orb.
     0 | D:1      | Reached XP level 1. HP: 13/13 MP: 3/3
   417 | D:1      | Gained mutation: You are partially covered in icy blue
                  | scales. (AC +2) [demonic ancestry]
   417 | D:1      | Reached XP level 2. HP: 19/19 MP: 5/5
   461 | D:1      | Reached skill level 5 in Necromancy
  1386 | D:1      | Reached XP level 3. HP: 22/24 MP: 3/6
  1469 | D:1      | Learned a level 3 spell: Vampiric Draining
  1678 | D:2      | Noticed Robin
  1972 | D:2      | Killed Robin
  2074 | D:2      | Noticed Terence
  2080 | D:2      | Killed Terence
  2081 | D:2      | Reached skill level 6 in Necromancy
  2081 | D:2      | Reached XP level 4. HP: 14/30 MP: 0/7
  2936 | D:3      | Found a shimmering altar of Xom.
  3727 | D:3      | HP: 1/30 [orc priest (3)]
  3736 | D:3      | Reached skill level 7 in Necromancy
  3736 | D:3      | Gained mutation: You have sharp toenails. [demonic
                  | ancestry]
  3736 | D:3      | Reached XP level 5. HP: 7/35 MP: 3/8
  4156 | D:3      | Found an ornate altar of the Wu Jian Council.
  4162 | D:3      | Found a basalt altar of Yredelemnul.
  4170 | D:3      | Became a worshipper of Yredelemnul the Dark
  4175 | D:3      | Found a bloodstained altar of Trog.
  4984 | D:4      | Reached skill level 8 in Necromancy
  4984 | D:4      | Reached XP level 6. HP: 26/41 MP: 9/9
  5104 | D:4      | Learned a level 5 spell: Agony
  6071 | D:5      | Entered Level 5 of the Dungeon
  6330 | D:5      | Found a white marble altar of Elyvilon.
  6710 | D:5      | Found a staircase to the Ecumenical Temple.
  6729 | Temple   | Entered the Ecumenical Temple
  6938 | D:5      | Reached skill level 9 in Necromancy
  7430 | D:5      | Gained mutation: You are immune to miasma. [demonic
                  | ancestry]
  7430 | D:5      | Reached XP level 7. HP: 42/46 MP: 10/10
  7920 | D:6      | Noticed a two-headed ogre
  7938 | D:6      | Found a shimmering blue altar of Sif Muna.
  7938 | D:6      | Noticed an oklob plant
  8156 | D:6      | Noticed Pikel
  8161 | D:6      | Killed by miscasting Agony

Illustrated notes

Levels and vault maps discovered:
D:1:      nzn_arrival_depleted_hourglass, layout_loops_ring,
          minmay_rat_gold_closets
D:2:      layout_basic, lemuel_another_geyser, uniq_terence, uniq_robin
D:3:      layout_loops_ring, lemuel_round_altar,
          minmay_overflow_temple_star_quad, corexii_leaking_fountain,
          guppyfry_early_orc_mine
D:4:      layout_loops_ring, grunt_ministairs_5
D:5:      layout_layer_cave, elyvilon_altar_1, minmay_temple_entry_large_hall
D:6:      layout_rooms, nicolae_ru_path_of_blood, nicolae_ossuary_entry_plus,
          lemuel_oklob_altar, uniq_menkaure, uniq_eustachio, uniq_duvessa,
          uniq_pikel
Temple:   minmay_temple_curvy_loop

Skill      XL: |  1  2  3  4  5  6 |
---------------+-------------------+-----
Necromancy     | 5 6 7 8 9 |  9.6
Dodging        | |  1.7
Stealth        | |  1.7
Spellcasting   | |  2.0

Action                   |  1- 3 |  4- 6 |  7- 9 || total
-------------------------+-------+-------+-------++-------
Melee: Dagger            |    50 |    48 |     5 ||   103
       Kick              |       |    10 |     3 ||    13
 Cast: Pain              |    48 |   123 |    14 ||   185
Evoke: Wand              |       |     3 |       ||     3
  Use: Potion            |       |     9 |       ||     9
       Scroll            |       |    12 |       ||    12
 Stab: Sleeping          |     6 |       |     1 ||     7
Armor: Robe              |    16 |    23 |     4 ||    43
Dodge: Dodged            |    35 |    93 |     6 ||   134
